Map: Blackpink LE

Players

SpeCial - Winner!

  • Race: Terran Terran
  • League: Master
  • Spawn Location: 7:00

pillOw (Nina)

  • Race: Protoss Protoss
  • League: Grandmaster
  • Spawn Location: 1:00

VOD

Have the link to the VOD?

Description

Time

  • Played on: Feb. 2, 2018, 5:28 p.m.
  • Length: 10:10
Show
View Real Time Build Order
Export as new Build Order

SpeCial Terran - Winner!

Build Orders: Reaper Expand, MMM Bio 

Get SALT Encoding   

  12  0:00  SCV  
  13  0:13  SCV  
  14  0:17  Supply Depot  
  14  0:25  SCV  
  15  0:38  SCV  
  15  0:41  Barracks  
  16  0:43  Refinery  
  16  0:50  SCV  
  17  1:03  SCV  
  18  1:15  SCV  
  19  1:28  Reaper, Orbital Command  
  20  1:39  Command Center  
  20  1:51  Supply Depot  
  20  1:55  SCV  
  20  1:59  Marine  
  22  2:05  Factory  
  22  2:07  SCV  
  23  2:13  Refinery  
  23  2:19  SCV  
  23  2:21  Barracks Reactor  
  24  2:31  SCV  
  25  2:41  Barracks  
  25  2:43  SCV  
  26  2:49  Starport  
  26  2:50  Hellion  
  28  2:53  Orbital Command  
  28  2:57  SCV  
  29  2:59  Marine  
  29  3:01  Marine  
  31  3:09  SCV  
  31  3:11  Widow Mine  
  33  3:18  Marine  
  33  3:19  Marine  
  35  3:20  SCV  
  35  3:21  SCV  
  37  3:28  Supply Depot  
  37  3:30  Viking  
  37  3:32  Barracks Tech Lab  
  39  3:36  Marine x2  
  41  3:42  SCV x2  
  41  3:43  Widow Mine  
  45  3:48  Supply Depot  
  45  3:51  Marine  
  45  3:52  Stimpack  
  46  3:56  SCV  
  46  3:57  SCV  
  48  4:03  Medivac  
  48  4:06  Widow Mine  
  52  4:10  SCV  
  52  4:16  Liberator  
  52  4:17  Marine x2  
  53  4:18  Marine  
  53  4:19  SCV  
  53  4:22  SCV  
  58  4:25  Supply Depot  
  58  4:31  SCV  
  62  4:42  SCV  
  62  4:43  SCV, Engineering Bay  
  62  4:49  Factory Tech Lab  
  62  4:51  Supply Depot, Barracks  
  62  4:53  Marine x2  
  62  4:54  SCV  
  62  4:55  SCV  
  62  4:56  Marine  
  67  5:03  Supply Depot  
  67  5:06  SCV  
  68  5:07  SCV  
  68  5:10  Terran Infantry Weapons Level 1  
  68  5:11  Marine  
  68  5:12  Marine  
  68  5:14  Marine  
  71  5:18  Starport Reactor  
  71  5:20  SCV  
  73  5:22  SCV, Factory Reactor  
  73  5:28  Refinery  
  74  5:29  Supply Depot  
  74  5:30  Marine x2  
  74  5:32  Marine  
  73  5:45  SCV x2  
  73  5:48  Marine  
  73  5:49  Command Center  
  76  5:51  Marine x3  
  76  6:01  Medivac x2  
  78  6:06  Supply Depot, Marine, Combat Shields  
  78  6:08  Widow Mine  
  78  6:09  Marine x3  
  78  6:11  Widow Mine  
  83  6:21  Refinery  
  83  6:26  SCV x2  
  83  6:27  Marauder  
  83  6:28  Marauder  
  83  6:30  Missile Turret  
  83  6:32  Widow Mine x2  
  93  6:35  Medivac  
  93  6:38  SCV x2  
  95  6:40  Barracks  
  95  6:47  Medivac  
  95  6:50  SCV x2, Marine x2  
  95  6:53  Barracks  
  101  6:56  Supply Depot, Marauder  
  101  6:58  Widow Mine x2  
  106  7:02  SCV  
  106  7:03  Orbital Command  
  107  7:16  Marine x2  
  107  7:17  Terran Infantry Armor Level 1, Marauder x2  
  107  7:18  SCV  
  107  7:19  SCV  
  115  7:25  Widow Mine x2  
  115  7:26  Medivac  
  120  7:30  SCV  
  120  7:31  SCV x2  
  122  7:39  Marine x2, Barracks Tech Lab  
  122  7:40  Supply Depot  
  122  7:41  Supply Depot  
  122  7:42  Missile Turret, Barracks Reactor  
  122  7:43  SCV x2, Concussive Shells  
  126  7:48  Marauder x2  
  126  7:49  Liberator  
  126  7:50  SCV  
  131  7:55  SCV x2  
  131  7:57  Supply Depot  
  132  8:02  Widow Mine x2  
  135  8:12  Liberator  
  130  8:22  SCV x3  
  130  8:23  Refinery x2  
  130  8:27  Starport  
  133  8:29  Armory  
  133  8:30  Marine x2  
  133  8:31  Engineering Bay, Marauder  
  140  8:38  Marine x2  
  140  8:39  Marauder x2  
  134  8:50  SCV x2  
  121  9:00  Marine x2  
  121  9:01  Marine x2  
  121  9:02  Viking, Marauder x3  
  121  9:05  SCV x3  
  121  9:06  Supply Depot  
  121  9:07  Viking x2  
  130  9:18  Widow Mine, Marine x3  
  130  9:23  Marauder  
  137  9:26  Marine x2, Marauder  
  141  9:36  Marine x2  
  141  9:38  Marine  
  147  9:43  Marine  
  147  9:44  Marauder x2  
  147  9:47  Marine  
Show
View Real Time Build Order
Export as new Build Order

pillOw Protoss 

Build Orders: 1 Gate Expand, Phoenix Opening 

Get SALT Encoding   

  12  0:00  Probe  
  13  0:12  Probe  
  14  0:18  Pylon  
  14  0:24  Probe  
  15  0:36  Gateway  
  15  0:37  Probe (Chrono Boost)  
  16  0:44  Assimilator  
  16  0:49  Probe (Chrono Boost)  
  17  0:54  Probe (Chrono Boost)  
  18  1:04  Probe  
  19  1:16  Probe  
  20  1:25  Nexus  
  20  1:34  Cybernetics Core  
  20  1:37  Probe  
  21  1:48  Assimilator  
  21  1:50  Probe  
  22  1:54  Pylon  
  22  2:02  Probe  
  23  2:10  Adept (Chrono Boost)  
  23  2:14  Probe  
  26  2:20  Stargate  
  26  2:26  Probe  
  27  2:30  Adept (Chrono Boost)  
  29  2:37  Probe (Chrono Boost)  
  29  2:40  Probe (Chrono Boost), Warp Gate  
  31  2:49  Probe (Chrono Boost)  
  33  2:53  Adept (Chrono Boost)  
  33  2:55  Probe (Chrono Boost)  
  33  2:56  Probe (Chrono Boost)  
  36  3:02  Probe  
  36  3:03  Probe  
  38  3:06  Phoenix (Chrono Boost)  
  40  3:14  Probe  
  40  3:18  Probe  
  42  3:23  Pylon  
  42  3:24  Phoenix (Chrono Boost)  
  42  3:26  Probe  
  45  3:31  Probe  
  46  3:36  Assimilator  
  46  3:39  Assimilator  
  46  3:41  Probe, Adept  
  46  3:43  Probe  
  46  3:45  Pylon  
  50  3:49  Phoenix (Chrono Boost)  
  50  3:53  Probe  
  50  3:55  Probe  
  54  4:05  Probe, Robotics Facility  
  54  4:07  Probe  
  56  4:14  Phoenix (Chrono Boost)  
  58  4:17  Probe  
  58  4:23  Pylon  
  59  4:31  Gateway  
  59  4:34  Gateway  
  59  4:36  Probe  
  59  4:43  Probe  
  60  4:46  Phoenix (Chrono Boost)  
  60  4:48  Probe  
  63  4:57  Probe  
  63  4:58  Nexus  
  64  5:02  Observer  
  64  5:05  Robotics Bay  
  65  5:09  Sentry  
  65  5:10  Phoenix  
  65  5:12  Probe  
  70  5:16  Pylon  
  70  5:29  Probe  
  70  5:34  Probe, Pylon  
  71  5:36  Phoenix  
  71  5:40  Adept  
  71  5:41  Adept  
  75  6:00  Probe  
  75  6:03  Colossus  
  74  6:05  Adept x2  
  74  6:06  Adept, Probe  
  74  6:11  Probe  
  82  6:12  Probe  
  83  6:18  Probe  
  83  6:20  Forge  
  83  6:23  Probe  
  83  6:24  Probe  
  86  6:28  Extended Thermal Lance (Chrono Boost)  
  86  6:31  Probe (Chrono Boost)  
  83  6:37  Sentry  
  83  6:38  Probe (Chrono Boost)  
  83  6:39  Probe (Chrono Boost)  
  87  6:43  Probe (Chrono Boost)  
  88  6:49  Forge  
  88  6:51  Probe x2 (Chrono Boost)  
  88  6:52  Probe (Chrono Boost)  
  91  6:59  Probe, Protoss Ground Armor Level 1  
  92  7:04  Probe, Colossus (Chrono Boost)  
  99  7:14  Gateway  
  99  7:15  Probe x2  
  101  7:19  Pylon  
  101  7:21  Pylon  
  101  7:22  Protoss Ground Weapons Level 1  
  101  7:23  Gateway  
  101  7:27  Gateway  
  101  7:37  Probe, Sentry x3  
  102  7:39  Probe  
  102  7:40  Probe  
  102  7:42  Shield Battery  
  110  7:45  Gateway  
  110  7:48  Pylon  
  110  7:49  Probe  
  110  7:50  Twilight Council  
  111  7:58  Probe  
  111  7:59  Probe  
  111  8:01  Assimilator  
  111  8:03  Assimilator  
  110  8:12  Probe  
  110  8:14  Probe  
  110  8:15  Probe  
  100  8:21  Charge (Chrono Boost)  
  100  8:23  Phoenix (Chrono Boost)  
  100  8:25  Probe  
  103  8:27  Probe  
  103  8:33  Stalker x4  
  112  8:39  Adept x2, Shield Battery  
  98  8:55  Adept  
  98  8:56  Adept x2  
  98  8:59  Probe  
  97  9:04  Immortal (Chrono Boost)  
  97  9:06  Zealot x4  
  97  9:08  Probe  
  97  9:09  Probe  
  111  9:11  Probe  
  111  9:16  Robotics Facility  
  112  9:20  Probe  
  112  9:21  Zealot  
  112  9:22  Zealot  
  117  9:24  Pylon  
  117  9:25  Pylon  
  117  9:36  Pylon  
  117  9:37  Nexus  
  117  9:38  Pylon  
  117  9:40  Pylon  
  111  9:48  Stalker x3  
  111  9:49  Stalker  
Tags
 
Add a new tag
Caveats
  • Supply blocks, unpowered buildings, or Contaminate may cause inaccurate times.
  • Supply counts are checked every 10 seconds.